 Dungeon Crawl Stone Soup version 0.30-b1-2-g02819fbbbe (webtiles) character file.

Game seed: 13624399969805917108

1694645 krest9999 the Conqueror (level 27, 300/300 HPs)
             Began as a Hill Orc Fighter on Nov 18, 2023.
             Was an Elder of Beogh.
             Escaped with the Orb
             ... and 3 runes on Nov 19, 2023!
             The game lasted 03:14:28 (69757 turns).

krest9999 the Conqueror (Hill Orc Fighter)         Turns: 69757, Time: 03:14:29

Health: 300/300    AC: 45    Str: 35    XL:     27
Magic:  38/38      EV:  8    Int: 10    God:    Beogh [****..]
Gold:   1898       SH: 29    Dex: 18    Spells: 26/26 levels left

rFire   + . .        n - +9 broad axe (elec)
rCold   + + .        b - +5 Storm Queen's Shield {shock, Fly rElec}
rNeg    . . .        J - +12 gold dragon scales
rPois   +            G - +0 helmet of Omission {Regen+ Dex+3}
rElec   +            d - +2 cloak
rCorr   +            X - +0 pair of fencer's gloves {Riposte Dex+3}
SInv    +            Y - +0 pair of boots of Coseekeb {Rampage rCorr Int+2}
Will    ++...        T - amulet of reflection
Stlth   x              - ring "Qerriuxo" {Drain rC+ Str+2 Dex+2 Slay+3}
HPRegen 1.50/turn    v - ring of see invisible
MPRegen 0.26/turn

%: reflection, rampage
@: flying, studying 3 skills
A: mutation resistance 1, robust 1
0: Orb of Zot
}: 3/15 runes: barnacled, silver, gossamer
a: Renounce Religion, Smiting, Recall Orcish Followers


You escaped.
You worshipped Beogh.
Beogh was greatly pleased with you.
You visited 9 branches of the dungeon, and saw 47 of its levels.
You visited the Abyss 1 time.
You visited 1 bazaar.
You also visited: Ice Cave and Wizlab.

You collected 7974 gold pieces.
You spent 6076 gold pieces at shops.

Inventory:

Hand Weapons
 n - a +9 broad axe of electrocution (weapon)
 z - the +5 war axe of the Depths {elec, rN+ Int+5}
   (You took it off an orc on level 10 of the Dungeon)

   Int:       It affects your intelligence (+5).
   rN:        It protects you from negative energy.
 Q - the +5 demon whip "Spellbinder" {antimagic, disrupt, Will+}
   (You took it off a deep elf archer on level 15 of the Dungeon)

   Will:      It increases your willpower.
Armour
 b - the +5 Storm Queen's Shield (worn) {shock, Fly rElec}
   (You bought it in a shop on level 2 of the Orcish Mines)

   Shock:     When it blocks an attack, it may electrocute the attacker.
   This works even against foes who are a short distance away.
   rElec:     It insulates you from electricity.
   Fly:       It grants you flight.
 d - a +2 cloak (worn)
 r - the +2 helmet of Gestures {Rampage rElec Int+3}
   (You bought it in a shop on level 2 of the Orcish Mines)

   Int:       It affects your intelligence (+3).
   rElec:     It insulates you from electricity.
   Rampage:   It bestows one free step when moving towards enemies.
 w - a +0 tower shield of cold resistance
 G - the +0 helmet of Omission (worn) {Regen+ Dex+3}
   (You bought it in a shop in a bazaar)

   Dex:       It affects your dexterity (+3).
   Regen:     It increases your rate of health regeneration.
 J - +12 gold dragon scales (worn)
 K - a +2 helmet of see invisible
 L - a +3 plate armour of willpower
 V - a +3 troll leather armour {Snorg}
 W - the +0 helmet of Cowardice {Rampage rElec rC+++ Dex-3}
   (You found it on level 3 of the Depths)

   Dex:       It affects your dexterity (-3).
   rC:        It renders you almost immune to cold.
   rElec:     It insulates you from electricity.
   Rampage:   It bestows one free step when moving towards enemies.
 X - the +0 pair of fencer's gloves (worn) {Riposte Dex+3}
   (You acquired it on level 3 of the Lair of Beasts)

   Riposte:   It allows the wearer to riposte with melee weapons, swiftly
   retaliating against missed or blocked melee attacks.
   Dex:       It affects your dexterity (+3).
 Y - the +0 pair of boots of Coseekeb (worn) {Rampage rCorr Int+2}
   (You bought it in a shop on level 2 of the Orcish Mines)

   Int:       It affects your intelligence (+2).
   rCorr:     It protects you from acid and corrosion.
   Rampage:   It bestows one free step when moving towards enemies.
Jewellery
 f - a ring of poison resistance
 m - the ring "Vecwege" {rElec rC+ Str+4 Int-3 Dex+3}
   (You took it off a deep elf death mage on level 5 of the Vaults)

   [ring of protection from cold]

   Str:       It affects your strength (+4).
   Int:       It affects your intelligence (-3).
   Dex:       It affects your dexterity (+3).
   rC:        It protects you from cold.
   rElec:     It insulates you from electricity.
 o - a ring of protection from fire
 q - an amulet of regeneration
 v - a ring of see invisible (right hand)
 x - the ring "Qerriuxo" (left hand) {Drain rC+ Str+2 Dex+2 Slay+3}
   (You acquired it on level 1 of the Elven Halls)

   [ring of protection from cold]

   Str:       It affects your strength (+2).
   Dex:       It affects your dexterity (+2).
   Slay:      It affects your accuracy & damage with ranged weapons and melee
   (+3).
   rC:        It protects you from cold.
   Drain:     It drains your maximum health when unequipped.
 y - the ring "Cevverypt" {Will+ Dex+4}
   (You acquired it on level 3 of the Shoals)

   [ring of willpower]

   Dex:       It affects your dexterity (+4).
   Will:      It increases your willpower.
 D - the ring "Udeod" {rPois rC- rN++ Will+ rCorr}
   (You found it on level 2 of the Depths)

   [ring of willpower]

   rC:        It makes you vulnerable to cold.
   rPois:     It protects you from poison.
   rN:        It greatly protects you from negative energy.
   rCorr:     It protects you from acid and corrosion.
   Will:      It increases your willpower.
 F - a ring of resist corrosion
 P - the amulet of Hiecemaz {-Tele rPois Will+++ Regen+ Str+6}
   (You acquired it on level 1 of the Elven Halls)

   [amulet of regeneration]

   Str:       It affects your strength (+6).
   rPois:     It protects you from poison.
   -Tele:     It prevents most forms of teleportation.
   Regen:     It increases your rate of health regeneration.
   Will:      It greatly increases your willpower.
 S - the ring "Vijenk" {rElec Will+}
   (You took it off an ironbound convoker on level 1 of the Vaults)

   [ring of willpower]

   rElec:     It insulates you from electricity.
   Will:      It increases your willpower.
 T - an amulet of reflection (around neck)
Wands
 c - a wand of mindburst (35)
 s - a wand of quicksilver (40)
 u - a wand of digging (11)
 R - a wand of iceblast (6)
Scrolls
 e - 7 scrolls of fear
 j - 4 scrolls of summoning
 k - 4 scrolls of magic mapping
 B - 25 scrolls of teleportation
 C - a scroll of brand weapon
 N - 2 scrolls of enchant armour
 O - 4 scrolls of blinking
 U - 7 scrolls of immolation
 Z - 7 scrolls of fog
Potions
 h - 16 potions of curing
 i - 3 potions of invisibility
 l - a potion of might
 p - 5 potions of magic
 t - 3 potions of resistance
 E - 2 potions of cancellation
 H - 2 potions of heal wounds
 I - 8 potions of attraction
 M - 7 potions of mutation
Miscellaneous
 a - a phantom mirror
 g - a condenser vane (quivered)


   Skills:
 O Level 27 Fighting
 - Level 22.0 Axes
 - Level 0.1 Throwing
 + Level 21.3 Armour
 O Level 27 Shields
 - Level 22.0 Invocations
 * Level 20.3 Evocations


You had 26 spell levels left.
You didn't know any spells.
Your spell library contained the following spells:

 Spells                   Type           Power      Damage    Failure   Level
 Apportation              Tloc           0%         N/A       94%         1
 Beastly Appendage        Tmut           0%         N/A       94%         1
 Foxfire                  Conj/Fire      0%         2x1d4     94%         1
 Freeze                   Ice            0%         1d3       94%         1
 Kiss of Death            Conj/Necr      0%         2d5       94%         1
 Magic Dart               Conj           0%         1d3       94%         1
 Necrotise                Necr           0%         1d4       94%         1
 Sandblast                Erth           0%         2d4       94%         1
 Shock                    Conj/Air       0%         1d3       94%         1
 Sting                    Tmut/Pois      0%         1d3       94%         1
 Summon Small Mammal      Summ           0%         N/A       94%         1
 Blink                    Tloc           0%         N/A       98%         2
 Call Imp                 Summ           0%         N/A       98%         2
 Cigotuvi's Dreadful Rot  Necr/Pois/Air  0%         N/A       98%         2
 Ensorcelled Hibernation  Hex/Ice        0%         N/A       98%         2
 Lesser Beckoning         Tloc           0%         N/A       98%         2
 Momentum Strike          Conj/Tloc      0%         3d8       98%         2
 Passwall                 Tmut/Erth      0%         N/A       98%         2
 Poisonous Vapours        Pois/Air       0%         N/A       98%         2
 Scorch                   Fire           0%         2d5       98%         2
 Static Discharge         Conj/Air       0%         2-2/arc   98%         2
 Sublimation of Blood     Necr           0%         N/A       98%         2
 Wereblood                Tmut           0%         N/A       98%         2
 Dazzling Flash           Conj/Hex       0%         N/A       100%        3
 Frozen Ramparts          Ice            0%         1d1       100%        3
 Hailstorm                Conj/Ice       0%         3d3       100%        3
 Ignite Poison            Fire/Tmut/Pois 0%         N/A       100%        3
 Inner Flame              Hex/Fire       0%         N/A       100%        3
 Mephitic Cloud           Conj/Pois/Air  0%         N/A       100%        3
 Ozocubu's Armour         Ice            0%         N/A       100%        3
 Portal Projectile        Hex/Tloc       0%         N/A       100%        3
 Spider Form              Tmut/Pois      0%         N/A       100%        3
 Stone Arrow              Conj/Erth      0%         3d7       100%        3
 Summon Guardian Golem    Hex/Summ       0%         N/A       100%        3
 Swiftness                Air            0%         N/A       100%        3
 Tukima's Dance           Hex            0%         N/A       100%        3
 Vhi's Electric Charge    Tloc/Air       0%         N/A       100%        3
 Volatile Blastmotes      Fire/Tloc      0%         2d10      100%        3
 Airstrike                Air            0%         2d(0-16)  100%        4
 Anguish                  Hex/Necr       0%         N/A       100%        4
 Animate Dead             Necr           0%         N/A       100%        4
 Cause Fear               Hex            0%         N/A       100%        4
 Dispel Undead            Necr           0%         3d6       100%        4
 Flame Wave               Conj/Fire      0%         2d4       100%        4
 Fulminant Prism          Conj/Hex       0%         3d5       100%        4
 Ice Form                 Ice/Tmut       0%         N/A       100%        4
 Iskenderun's Mystic Bla  Conj/Tloc      0%         2d3       100%        4
 Olgreb's Toxic Radiance  Pois           0%         N/A       100%        4
 Passage of Golubria      Tloc           0%         N/A       100%        4
 Petrify                  Tmut/Erth      0%         N/A       100%        4
 Sticky Flame             Conj/Fire      0%         2d3       100%        4
 Summon Ice Beast         Ice/Summ       0%         N/A       100%        4
 Summon Lightning Spire   Summ/Air       0%         N/A       100%        4
 Agony                    Necr           0%         N/A       100%        5
 Arcjolt                  Conj/Air       0%         1d10      100%        5
 Blade Hands              Tmut           0%         N/A       100%        5
 Borgnjor's Vile Clutch   Necr/Erth      0%         N/A       100%        5
 Freezing Cloud           Conj/Ice/Air   0%         6-21      100%        5
 Irradiate                Conj/Tmut      0%         3d11      100%        5
 Iskenderun's Battlesphe  Conj           0%         2d6       100%        5
 Lee's Rapid Deconstruct  Erth           0%         3d4*      100%        5
 Metabolic Englaciation   Hex/Ice        0%         N/A       100%        5
 Silence                  Hex/Air        0%         N/A       100%        5
 Summon Forest            Summ/Tloc      0%         N/A       100%        5
 Summon Mana Viper        Hex/Summ       0%         N/A       100%        5
 Yara's Violent Unravell  Hex/Tmut       0%         3d3       100%        5
 Conjure Ball Lightning   Conj/Air       0%         3x3d6     100%        6
 Death Channel            Necr           0%         N/A       100%        6
 Iron Shot                Conj/Erth      0%         9d1       100%        6
 Plasma Beam              Fire/Air       0%         2x1d11    100%        6
 Simulacrum               Ice/Necr       0%         N/A       100%        6
 Statue Form              Tmut/Erth      0%         N/A       100%        6
 Summon Cactus Giant      Summ           0%         N/A       100%        6
 Dragon Form              Tmut           0%         N/A       100%        7
 Enfeeble                 Hex            0%         N/A       100%        7
 Haunt                    Necr/Summ      0%         N/A       100%        7
 Monstrous Menagerie      Summ           0%         N/A       100%        7
 Orb of Destruction       Conj           0%         9d5       100%        7
 Spellforged Servitor     Conj/Summ      0%         N/A       100%        7
 Summon Hydra             Summ           0%         N/A       100%        7
 Borgnjor's Revivificati  Necr           0%         N/A       100%        8
 Discord                  Hex            0%         N/A       100%        8
 Disjunction              Tloc           0%         N/A       100%        8
 Ignition                 Fire           0%         3d3       100%        8
 Infestation              Necr           0%         N/A       100%        8
 Lehudib's Crystal Spear  Conj/Erth      0%         10d2      100%        8
 Necromutation            Tmut/Necr      0%         N/A       100%        8
 Chain Lightning          Conj/Air       0%         N/A       100%        9
 Death's Door             Necr           0%         N/A       100%        9
 Dragon's Call            Summ           0%         N/A       100%        9
 Fire Storm               Conj/Fire      0%         5d1       100%        9


Dungeon Overview and Level Annotations

Branches:
Dungeon (15/15)            Temple (0/1) D:4            Lair (5/5) D:9
 Shoals (4/4) Lair:2       Spider (4/4) Lair:2        Slime (0/5) Lair:4
    Orc (2/2) D:10            Elf (3/3) Orc:2        Vaults (5/5) D:13
  Crypt (0/3) Vaults:3     Depths (4/4) D:15            Zot (5/5) Depths:4
  IceCv (visited)          WizLab (visited)

Altars:
Cheibriados
Elyvilon
Fedhas
Gozag
Hepliaklqana
Kikubaaqudgha
Okawaru
Qazlal
Ru
Vehumet
Xom
Yredelemnul
The Shining One
Beogh
Jiyva

Shops:
D:5 :   D:7 (   D:13 ?(   Orc:1 (   Orc:2 [(![   Elf:1 ?!*[   Shoals:1 :
Vaults:1 !   Vaults:2 =   Vaults:4 :

Portals:
Hell: Depths:1 Depths:2 Depths:3 Depths:4
Abyss: Depths:2 Depths:3
Pandemonium: Depths:2
Ziggurat: Depths:3


Innate Abilities, Weirdness & Mutations

You are somewhat resistant to further mutation.
You are robust. (+10% HP)


Message History

There is a stone staircase leading down here.
You fly downwards.
There is a stone staircase leading up here.
There is a stone staircase leading up, spattered with blood here.
You fly upwards.
There is a stone staircase leading down here.
Aiming: Dig
Press: ? - help, Shift-Dir - straight line A rock wall.
This square is covered in magical glow.
The rock shatters into small pieces.
A shadow demon comes into view.
The shadow demon gives a loud, deep croak!
You block the shadow demon's attack.
You riposte.
You slash the shadow demon!
Lightning courses through the shadow demon!
The shadow demon is heavily wounded.
Your shield discharges, shocking the shadow demon!
You closely miss the shadow demon.
The shadow demon is severely wounded.
You closely miss the shadow demon.
The shadow demon is severely wounded.
You block the shadow demon's attack.
You slice the shadow demon like a ripe choko!!!
You kill the shadow demon!
Beogh accepts your kill. 3 large abominations come into view.
There is a stone staircase leading up here.
You fly upwards.
There is a stone staircase leading down, spattered with blood here.
There is a stone staircase leading up here.
You fly upwards.
There is a stone staircase leading down here.
You see here 3 stones.
There is a stone staircase leading up here.
You fly upwards.
There is a stone staircase leading down here.
You see here a +0 dagger.
There is an open door here.
There is a staircase leading out of the dungeon here.
You have escaped!

#.........
#........#
#.........
#.##.##...
##.##.##...
########..##.....#
##≈≈≈≈≈##'######.÷#
##........8######..#
#..@.........'......
##........8###.#....
##≈≈≈≈≈##'###.#....
########..##.#.(..
##.##.####.
#.##......
#.########
#....)...#
######...#


There were no monsters in sight!

Vanquished Creatures
  8 dread liches
  3 ancient liches
  4 orbs of fire
  Mara (Shoals:4)
  Sojobo (Vaults:5)
  Boris (Depths:4)
  Margery (Vaults:4)
  5 Killer Klowns
  Parghit (Zot:2)
  Xtahua (Vaults:5)
  A curse toe (Zot:5)
  2 caustic shrikes
  A pandemonium lord (D:12)
  Nikola (Shoals:2)
  17 golden dragons
  A profane servitor (Zot:3)
  Jory (Vaults:4)
  Arachne (Spider:3)
  3 electric golems (Zot:5)
  2 bone dragons (Depths:4)
  A Brimstone Fiend (Depths:2)
  A walking crystal tome (Depths:4)
  25 Orb Guardians
  Rupert (Lair:4)
  A Hell Sentinel (Zot:3)
  A lich (Vaults:1)
  6 titans
  A deep elf master archer (Elf:3)
  12 tentacled monstrosities
  11 acid blobs
  8 sphinxes
  5 death cobs
  Polyphemus (Shoals:2)
  4 deep elf blademasters (Elf:3)
  5 quicksilver dragons
  Gastronok (D:9)
  7 tengu reavers
  3 krakens
  5 draconian monks
  10 shadow dragons
  7 storm dragons
  Donald (Spider:2)
  Ilsuiw (Shoals:2)
  6 draconian knights
  7 deep elf sorcerers
  Louise (Depths:2)
  14 fire giants
  11 frost giants
  8 ghost moths
  8 emperor scorpions
  7 draconian scorchers
  A balrug (Depths:1)
  21 vault wardens
  6 draconian shifters
  5 deep elf elementalists
  An iron dragon (Vaults:5)
  An orc warlord (Orc:2)
  Aizul (Shoals:3)
  16 ironbound preservers
  2 spriggan defenders
  A draconian stormcaller (Zot:3)
  4 war gargoyles
  3 cacodemons
  25 stone giants
  A demonspawn blood saint (D:9)
  4 draconian annihilators
  3 ironbound thunderhulks
  14 very ugly things
  9 green draconians
  16 purple draconians
  7 vampire knights
  5 black draconians
  5 deep elf demonologists
  22 dire elephants
  15 spark wasps
  20 yellow draconians
  10 deep elf annihilators
  The ghost of diceflayer the Warrior, a journeyman DsGl of Okawaru (D:13)
  11 white draconians
  6 red draconians
  7 statues (WizLab)
  The ghost of reativica the Skirmisher, a journeyman CeHu of Fedhas (Spider:4)
  A blizzard demon (Depths:2)
  The ghost of raph the Arsonist, a journeyman DEFE of Vehumet (Lair:5)
  6 merfolk javelineers
  8 deep elf death magi
  3 jiangshi (Depths:2)
  19 ettins
  Snorg (D:10)
  8 fire dragons
  8 merfolk impalers
  11 great orbs of eyes
  7 deep elf high priests
  11 entropy weavers
  A salamander tyrant (Elf:1)
  13 yaktaur captains
  Josephine (Shoals:1)
  5 rakshasas
  Erolcha (D:9)
  9 hydras
  6 spriggan air magi
  4 ogre magi
  16 centaur warriors
  A hydra (shapeshifter) (Vaults:5)
  32 vault guards
  2 peacekeepers
  4 radroaches
  6 ice dragons
  9 boulder beetles
  A catoblepas (Shoals:2)
  7 death yaks
  5 merfolk avatars
  11 two-headed ogres
  6 satyrs
  6 deep troll shamans
  A merfolk aquamancer (Shoals:3)
  An anaconda (shapeshifter) (D:12)
  10 ironbound frosthearts
  3 alligator snapping turtles
  25 dancing weapons
  10 deep troll earth magi
  11 tengu warriors
  A titan zombie (Vaults:4)
  25 deep elf knights
  3 orc high priests
  11 hell knights
  7 spriggan berserkers
  3 vampire magi (Depths:2)
  A sun demon (Depths:1)
  A titan skeleton (Vaults:4)
  2 sun moths
  A soul eater (Depths:2)
  4 large abominations (Depths:3)
  7 iron trolls
  3 sixfirhies
  4 skysharks (Shoals:2)
  A goliath frog (shapeshifter) (Depths:1)
  7 pharaoh ants
  11 sea snakes
  A shadow wraith (Vaults:5)
  A sea snake (shapeshifter) (Elf:1)
  16 orb spiders
  44 deep trolls
  16 deep elf archers
  A shadow demon (D:4)
  4 glowing orange brains
  2 bog bodies (IceCv)
  2 orange crystal statues
  A swamp dragon (Lair:5)
  3 flayed ghosts
  16 ironbound convokers
  3 phantasmal warriors
  5 wizards
  16 harpies
  12 lindwurms
  4 necromancers
  4 steelbarb worms
  4 orc knights
  28 deep elf pyromancers
  6 orc sorcerers
  25 wolf spiders
  8 fauns
  The ghost of carontestyx the Cleaver, a novice FoFi (D:7)
  12 moths of wrath
  22 deep elf zephyrmancers
  8 oklob plants
  10 manticores
  30 ugly things
  10 cyclopes
  20 elephants
  A stone giant zombie (Vaults:4)
  Maurice (D:9)
  28 vault sentinels
  15 merfolk sirens
  6 black mambas
  Joseph (D:8)
  2 orange demons
  10 demonic crawlers
  12 cane toads
  A smoke demon (Depths:1)
  7 torpor snails
  2 water nymphs
  4 gargoyles
  An ice statue (IceCv)
  3 unseen horrors
  5 rime drakes
  7 komodo dragons
  25 yaktaurs
  2 kobold demonologists (D:13)
  2 efreet
  29 tengu conjurers
  21 merfolk
  2 polar bears (Lair:5)
  8 trolls
  A queen bee (shapeshifter) (D:12)
  2 red devils (Depths:2)
  10 meliai
  Grinder (D:3)
  4 wind drakes
  A hornet (shapeshifter) (Vaults:5)
  8 blink frogs
  A tengu simulacrum (Vaults:3)
  8 hornets
  33 tarantellas
  A blink frog (shapeshifter) (Elf:1)
  12 snapping turtles
  28 jumping spiders
  Sigmund (D:3)
  7 dream sheep
  16 slime creatures
  12 water elementals
  3 spriggans
  2 shadows
  25 culicivoras
  6 air elementals
  A culicivora (shapeshifter) (D:15)
  A dire elephant simulacrum (IceCv)
  7 basilisks
  A wyvern (Lair:5)
  6 fire elementals
  32 yaks
  Grum (D:8)
  9 wraiths
  A death yak simulacrum (IceCv)
  2 steam dragons
  4 chaos spawn
  A golden eye (shapeshifter) (Depths:1)
  63 redbacks
  A redback (shapeshifter) (Vaults:5)
  6 wargs
  A harpy simulacrum (IceCv)
  2 vampire mosquitoes (D:12)
  Edmund (D:5)
  7 acid dragons
  4 hydra simulacra (IceCv)
  8 small abominations (Depths:3)
  2 sky beasts
  Duvessa (D:5)
  A floating eye (shapeshifter) (Vaults:5)
  14 water moccasins
  A swamp drake (Lair:5)
  An ettin simulacrum (Vaults:4)
  19 orc warriors
  2 ice beasts (Vaults:3)
  18 ogres
  17 wolves
  6 centaurs
  A human skeleton (Vaults:4)
  A centaur (shapeshifter) (Vaults:5)
  A phantom (D:4)
  4 kobold brigands
  6 bullfrogs
  7 gnoll sergeants
  A cane toad simulacrum (IceCv)
  2 earth elementals
  6 necrophages (Lair:2)
  7 two-headed ogre simulacra (IceCv)
  9 scorpions
  Dowan (D:5)
  14 wights
  An elephant simulacrum (IceCv)
  4 killer bees (D:8)
  7 electric eels
  9 howler monkeys
  2 gnoll boudas (D:7)
  2 lava snakes (D:10)
  7 hounds
  30 jellies
  18 orc priests
  7 iguanas
  A sleepcap (D:4)
  Crazy Yiuf (D:3)
  16 orc wizards
  Natasha (thrice) (D:3)
  7 hell rats
  4 polar bear simulacra (IceCv)
  5 spriggan simulacra (IceCv)
  5 troll simulacra (IceCv)
  A wolf simulacrum (IceCv)
  An adder (shapeshifter) (Vaults:5)
  28 gnolls
  5 naga simulacra (IceCv)
  6 adders
  9 river rats
  2 white imps (IceCv)
  14 ufetubi
  4 worms
  2 dart slugs
  67 orcs
  6 bats
  8 endoplasms
  5 giant cockroaches
  8 goblins
  8 hobgoblins
  26 kobolds
  10 quokkas
  10 ball pythons
  5 frilled lizards
  22 rats
  A bush (Lair:3)
  A butterfly (D:9)
  3 spectral weapons (Zot:5)
  9 tentacles
2266 creatures vanquished.

Vanquished Creatures (collateral kills)
  An Orb Guardian (Zot:5)
  A storm dragon (Depths:2)
  A centaur warrior (D:15)
  An ironbound frostheart (Vaults:3)
  A tengu warrior (D:13)
  A pharaoh ant (Spider:3)
  A deep troll (Vaults:4)
  An orc knight (Orc:2)
  2 deep elf zephyrmancers (Elf:1)
  A wolf spider (Spider:4)
  2 manticores (D:15)
  A torpor snail (Spider:4)
  3 tarantellas
  A jumping spider (Spider:4)
  2 culicivoras (Spider:4)
  3 redbacks
  A warg (Orc:2)
  2 orc warriors (Orc:2)
  2 orc priests
  An orc wizard (Orc:2)
  7 orcs
36 creatures vanquished.

Vanquished Creatures (others)
  A deep elf master archer (Elf:3)
  A frost giant (Depths:2)
  An ironbound preserver (Vaults:5)
  A black draconian (Zot:1)
  2 merfolk javelineers (Shoals:2)
  2 orc high priests
  A deep elf knight (Elf:1)
  A wizard (Vaults:2)
  8 orc knights
  2 deep elf zephyrmancers
  A hornet (Depths:1)
  A water elemental (Elf:1)
  A chaos spawn (D:12)
  18 orc warriors
  18 orc priests
  An iguana (Lair:5)
  10 orc wizards
  A worm (D:3)
  29 orcs
  A ball python (D:3)
  15 fungi
  113 plants
  4 tentacles
233 creatures vanquished.

Grand Total: 2535 creatures vanquished

Notes
Turn   | Place    | Note
-------+----------+-------------------------------------------
     0 | D:1      | krest9999 the Hill Orc Fighter began the quest for the Orb.
     0 | D:1      | Reached XP level 1. HP: 19/19 MP: 1/1
    11 | D:1      | You fall into a shaft and drop 1 floor!
   141 | D:1      | Reached XP level 2. HP: 27/27 MP: 2/2
   193 | D:1      | Found a faded altar of an unknown god.
   221 | D:1      | Reached XP level 3. HP: 25/33 MP: 3/3
  1067 | D:3      | Noticed Sigmund
  1074 | D:3      | Killed Sigmund
  1075 | D:3      | Reached XP level 4. HP: 35/41 MP: 4/4
  1075 | D:3      | Reached XP level 5. HP: 40/47 MP: 5/5
  1102 | D:3      | Found a sacrificial altar of Ru.
  1108 | D:3      | Noticed Natasha
  1111 | D:3      | Killed Natasha
  1112 | D:3      | Reached XP level 6. HP: 53/53 MP: 6/6
  1127 | D:3      | Became a worshipper of Beogh the Brigand
  1156 | D:3      | Noticed Natasha
  1167 | D:3      | Killed Natasha
  1332 | D:3      | Noticed Natasha
  1339 | D:3      | Killed Natasha
  1493 | D:3      | Found a runed translucent door.
  1493 | D:3      | Identified the +7 hammer of Propriety {pain, +Blink rCorr
                  | MP+9 Stlth-}
  1494 | D:3      | Noticed Crazy Yiuf
  1505 | D:3      | Killed Crazy Yiuf
  1506 | D:3      | Reached skill level 1 in Invocations
  1830 | D:3      | Noticed Grinder
  1843 | D:3      | Killed Grinder
  1844 | D:3      | Reached skill level 5 in Fighting
  1844 | D:3      | Reached XP level 7. HP: 38/61 MP: 8/8
  2142 | D:4      | Reached * piety under Beogh
  2148 | D:4      | Found a staircase to the Ecumenical Temple.
  2261 | D:4      | Reached skill level 5 in Armour
  2333 | D:4      | Noticed a hornet
  2351 | D:4      | Killed a hornet
  2352 | D:4      | Reached XP level 8. HP: 65/69 MP: 10/10
  2832 | D:4      | Found a snail-covered altar of Cheibriados.
  2889 | D:5      | Entered Level 5 of the Dungeon
  2898 | D:5      | Noticed Edmund
  2914 | D:4      | Reached ** piety under Beogh
  3023 | D:5      | Noticed Duvessa
  3023 | D:5      | Noticed Dowan
  3119 | D:5      | Killed Dowan
  3151 | D:5      | Killed Edmund
  3152 | D:5      | Reached skill level 10 in Axes
  3152 | D:5      | Reached skill level 5 in Invocations
  3197 | D:5      | Killed Duvessa
  3198 | D:5      | Reached XP level 9. HP: 78/78 MP: 12/12
  3363 | D:5      | Found Iful's Tremendous Tomes.
  3397 | D:5      | Found a transporter.
  3566 | D:5      | Found a transporter.
  4394 | D:6      | Found an iron altar of Okawaru.
  4518 | D:7      | Reached skill level 1 in Evocations
  4647 | D:6      | Reached skill level 5 in Shields
  4655 | D:6      | Reached *** piety under Beogh
  4755 | D:6      | Found a hazy altar of Hepliaklqana.
  4807 | D:6      | Found an opulent altar of Gozag.
  4911 | D:6      | Found a blossoming altar of Fedhas.
  5263 | D:7      | Found a transporter.
  5264 | D:7      | Identified the +3 kite shield of Mezcal {rCorr}
  5290 | D:7      | Reached XP level 10. HP: 88/88 MP: 15/15
  5513 | D:7      | Found Ditwiomageva's Weapon Emporium.
  5565 | D:7      | Found a transporter.
  5566 | D:7      | Identified the ring of Foetac {rF+ rN+ Will- rCorr Stlth+}
  5575 | D:7      | Noticed carontestyx's ghost (novice FoFi)
  5788 | D:7      | Reached **** piety under Beogh
  6206 | D:7      | Killed carontestyx's ghost
  6583 | D:7      | Paralysed by a gnoll for 2 turns
  6928 | D:8      | Noticed Joseph
  6931 | D:8      | Killed Joseph
  7047 | D:8      | Found a glowing golden altar of the Shining One.
  7227 | D:8      | Found a radiant altar of Vehumet.
  7276 | D:8      | Found a white marble altar of Elyvilon.
  7867 | D:9      | Reached XP level 11. HP: 83/95 MP: 17/17
  7873 | D:9      | Noticed Erolcha
  7936 | D:9      | Killed Erolcha
  8019 | D:9      | Noticed Gastronok
  8035 | D:9      | Killed Gastronok
  8314 | D:9      | Noticed Grum
  8330 | D:8      | Killed Grum
  8331 | D:8      | Reached skill level 10 in Invocations
  8413 | D:9      | Noticed Maurice
  8415 | D:9      | Paralysed by Maurice for 5 turns
  8422 | D:9      | Killed Maurice
  8437 | D:9      | Noticed a death yak
  8439 | D:9      | Noticed a death yak
  8444 | D:9      | Noticed a death yak
  8556 | D:9      | Found a staircase to the Lair.
  8608 | D:9      | Found a shimmering altar of Xom.
  8988 | D:10     | Entered Level 10 of the Dungeon
  9017 | D:10     | Noticed a brown ugly thing
  9017 | D:10     | Noticed a two-headed ogre
  9089 | D:8      | Killed a death yak
  9213 | D:8      | Killed a brown ugly thing
  9406 | D:8      | Killed a death yak
  9519 | D:8      | Killed a death yak
  9769 | D:10     | Noticed a deep elf pyromancer
  9771 | D:10     | Killed a deep elf pyromancer
  9772 | D:10     | Reached skill level 15 in Axes
  9807 | D:10     | Noticed a green ugly thing
  9838 | D:9      | Killed a green ugly thing
  9839 | D:9      | Reached XP level 12. HP: 93/106 MP: 20/20
  9933 | D:10     | Noticed Snorg
  9938 | D:10     | Killed Snorg
  9938 | D:10     | Noticed a two-headed ogre
  9948 | D:10     | Killed a two-headed ogre
 10027 | D:10     | Reached skill level 10 in Fighting
 10049 | D:10     | Killed a two-headed ogre
 10270 | D:10     | Identified the +5 war axe of the Depths {elec, rN+ Int+5}
 10290 | D:10     | Found a roughly hewn altar of Beogh.
 10294 | D:10     | Found a staircase to the Orcish Mines.
 10666 | Lair:1   | Entered Level 1 of the Lair of Beasts
 11594 | Lair:2   | Found a staircase to the Shoals.
 11917 | Lair:2   | Reached XP level 13. HP: 66/116 MP: 22/22
 12320 | Lair:2   | Found a hole to the Spider Nest.
 12738 | Lair:3   | Identified 2 scrolls of acquirement
 12739 | Lair:3   | Acquired the +0 pair of fencer's gloves {Riposte Dex+3}
 12739 | Lair:3   | Found the +0 pair of fencer's gloves {Riposte Dex+3}
 13314 | Lair:3   | Reached skill level 10 in Shields
 13777 | Lair:4   | Found a staircase to the Slime Pits.
 13777 | Lair:4   | Found a viscous altar of Jiyva.
 13898 | Lair:4   | Reached skill level 10 in Armour
 13910 | Lair:4   | Noticed Rupert
 13914 | Lair:4   | Paralysed by Rupert for 3 turns
 13919 | Lair:4   | Killed Rupert
 14800 | Orc:1    | Entered Level 1 of the Orcish Mines
 15284 | Orc:1    | Reached XP level 14. HP: 84/126 MP: 24/24
 15650 | Orc:1    | Found Leuhud's Weapon Boutique.
 15873 | Orc:2    | Entered Level 2 of the Orcish Mines
 15945 | Orc:2    | Noticed an orc warlord
 16151 | Orc:2    | Noticed an orc warlord
 16158 | Orc:2    | Killed an orc warlord
 16241 | Orc:2    | Found a staircase to the Elven Halls.
 16551 | Orc:2    | Got Otoulali's Annotations on Destruction and Despair
 16803 | Orc:2    | Reached skill level 5 in Evocations
 17018 | Orc:2    | HP: 3/127 [orc knight/+3 bardiche of freezing (18)]
 17387 | Orc:2    | Found Nachuisi's Antique Armour Shoppe.
 17387 | Orc:2    | Found Siymi's Antique Armour Shop.
 17407 | Orc:2    | Found Jamuc's Antique Weapon Shop.
 17407 | Orc:2    | Found Levadetu's Distillery.
 17489 | Orc:2    | Bought the +5 Storm Queen's Shield {shock, Fly rElec} for
                  | 1596 gold pieces
 17489 | Orc:2    | Found the +5 Storm Queen's Shield {shock, Fly rElec}
 17512 | Orc:2    | Bought a polished helmet for 351 gold pieces
 17512 | Orc:2    | Identified the +2 helmet of Gestures {Rampage rElec Int+3}
                  | (You bought it in a shop on level 2 of the Orcish Mines)
 17757 | Lair:5   | Entered Level 5 of the Lair of Beasts
 17949 | Lair:5   | Found a snail-covered altar of Cheibriados.
 18038 | Lair:5   | Found a transporter.
 18048 | Lair:5   | Noticed raph's ghost (journeyman DEFE)
 18053 | Lair:5   | Found a transporter.
 18216 | Lair:5   | Found an opulent altar of Gozag.
 19563 | D:11     | Identified the +0 ring mail of Elyvilon's Reproof {Will+
                  | Str+3}
 19592 | D:11     | Identified the +2 quarterstaff of the Protecting Dove
                  | {heavy, rC+ Stlth+}
 19964 | D:11     | Identified the +0 sling of Might {antimagic, rC++}
 20221 | D:12     | Reached XP level 15. HP: 130/136 MP: 26/26
 20228 | D:12     | Found a frozen archway.
 20233 | D:12     | Reached skill level 15 in Invocations
 20253 | IceCv    | Entered an ice cave
 21450 | D:12     | Gained Blodwig as an ally
 21945 | D:13     | Noticed diceflayer's ghost (journeyman DsGl)
 22054 | D:13     | Found a runed translucent gate.
 22055 | D:13     | Found a runed translucent gate.
 22056 | D:13     | Found a runed translucent gate.
 22099 | D:13     | Found a gate to the Vaults.
 22165 | D:13     | Found Huuguol's Weapon Boutique.
 22334 | D:13     | Found Riheeppu's Magic Scroll Boutique.
 22401 | D:13     | Bought a scroll of identify for 36 gold pieces
 22401 | D:13     | Bought a scroll of identify for 36 gold pieces
 22401 | D:13     | Bought a scroll of identify for 36 gold pieces
 22665 | D:13     | Killed diceflayer's ghost
 23031 | D:14     | Gained Orkwin as an ally
 23400 | D:15     | Entered Level 15 of the Dungeon
 23408 | D:15     | Reached XP level 16. HP: 139/147 MP: 27/27
 23497 | D:15     | Paralysed by an ogre mage for 3 turns
 23498 | D:15     | Gained Morguth as an ally
 23904 | D:15     | Found a staircase to the Depths.
 24375 | Orc:2    | Bought a pair of transparent boots for 351 gold pieces
 24375 | Orc:2    | Identified the +0 pair of boots of Coseekeb {Rampage rCorr
                  | Int+2} (You bought it in a shop on level 2 of the Orcish
                  | Mines)
 24396 | Orc:2    | Bought a shiny helmet for 277 gold pieces
 24559 | Spider:1 | Entered Level 1 of the Spider Nest
 25104 | Spider:1 | Reached skill level 15 in Fighting
 25313 | Spider:1 | Reached ***** piety under Beogh
 25332 | Spider:1 | Gained Marbaugh as an ally
 25531 | Spider:2 | You are sucked into a shaft and drop 1 floor!
 26352 | Spider:3 | Noticed Arachne
 26374 | Spider:3 | Killed Arachne
 27550 | Spider:2 | Reached XP level 17. HP: 143/156 MP: 0/29
 27730 | Spider:2 | Gained mutation: Your spells are a little easier to cast,
                  | but a little less powerful. [mutagenic glow]
 27898 | Spider:2 | Noticed Donald
 27901 | Spider:2 | Killed Donald
 27963 | Spider:2 | Noticed an acid blob
 27973 | Spider:2 | Killed an acid blob
 29561 | Spider:1 | Reached skill level 10 in Evocations
 29593 | Spider:4 | Entered Level 4 of the Spider Nest
 29726 | Spider:4 | Gained Orkwin as an ally
 29882 | Spider:4 | Gained Harm as an ally
 29889 | Spider:4 | Identified the +7 great sword of Kismet {spect, *Corrode
                  | rElec rC- Dex+9}
 29950 | Spider:4 | Reached skill level 15 in Shields
 29967 | Spider:4 | Found a runed translucent door.
 29967 | Spider:4 | Found a shimmering altar of Xom.
 29967 | Spider:4 | Noticed reativica's ghost (journeyman CeHu)
 29967 | Spider:4 | Identified the +1 dire flail "Boekuygh" {chaos, Int+2}
 30236 | Spider:4 | Your ally Harm died
 30360 | Spider:4 | Identified the +4 trident of Slime {heavy, Stlth+}
 30741 | Spider:4 | Reached XP level 18. HP: 149/168 MP: 30/30
 31490 | Spider:4 | Got a gossamer rune of Zot
 31619 | Spider:4 | Your ally Orkwin died
 31648 | Spider:4 | Killed reativica's ghost
 31747 | Shoals:1 | Entered Level 1 of the Shoals
 32208 | Shoals:1 | Noticed Josephine
 32214 | Shoals:1 | Killed Josephine
 32497 | Shoals:1 | Found Osiulat's Book Shoppe.
 32866 | Shoals:2 | Noticed Ilsuiw
 33195 | Shoals:2 | Noticed Nikola
 33767 | Shoals:2 | Killed Ilsuiw
 33781 | Shoals:2 | Noticed Polyphemus
 33939 | Shoals:2 | Killed Polyphemus
 34174 | Shoals:2 | Killed Nikola
 34324 | Shoals:2 | Identified the +4 chain mail of Starshine {Str+4 Dex+3}
 34822 | Shoals:3 | Noticed Aizul
 34829 | Shoals:3 | Killed Aizul
 34837 | Shoals:3 | Reached XP level 19. HP: 130/177 MP: 32/32
 35032 | Shoals:3 | Acquired the ring "Cevverypt" {Will+ Dex+4}
 35931 | Shoals:4 | Entered Level 4 of the Shoals
 36803 | Shoals:4 | Got a barnacled rune of Zot
 36914 | Shoals:4 | Identified the +9 arbalest "Fuezxan" {penet, rElec Str-4
                  | Int+9 Stlth-}
 37160 | Shoals:4 | Noticed Mara
 37161 | Shoals:4 | Noticed Mara
 37162 | Shoals:4 | Noticed Mara
 37170 | Shoals:4 | Noticed krest9999's illusion
 37192 | Shoals:4 | Killed Mara
 38433 | D:13     | Bought a +4 broad axe for 390 gold pieces
 38705 | Lair:5   | Killed raph's ghost
 38986 | Elf:1    | Entered Level 1 of the Elven Halls
 38987 | Elf:1    | Paralysed by an air elemental for 1 turns
 39410 | Elf:1    | Paralysed by an air elemental for 1 turns
 39504 | Elf:1    | Acquired the ring "Qerriuxo" {Drain rC+ Str+2 Dex+2 Slay+3}
 39562 | Elf:1    | Found Velenirch's Assorted Antiques.
 39572 | Elf:1    | Bought a scroll of teleportation for 66 gold pieces
 39651 | Elf:1    | Found Zikholo's Antique Armour Shop.
 39721 | Elf:1    | Found Synonob's Distillery.
 39728 | Elf:1    | Bought 2 potions of cancellation for 224 gold pieces
 39746 | Elf:1    | Found Hyviemam's Magic Scroll Boutique.
 39810 | Elf:1    | Reached XP level 20. HP: 113/187 MP: 33/33
 39974 | Elf:1    | Got the Discourse on Gases
 39981 | Elf:1    | Got the Vellum of Earth
 39992 | Elf:1    | Got Tebrua Imma's Lectures on Incandescence
 39999 | Elf:1    | Got the Almanac of the Deep Freeze
 40321 | Elf:2    | Paralysed by an air elemental for 1 turns
 40364 | Elf:2    | Paralysed by an air elemental for 1 turns
 40466 | Elf:2    | Found a runed translucent gate.
 40467 | Elf:2    | Found a runed translucent gate.
 40467 | Elf:2    | Found a runed translucent gate.
 40514 | Elf:2    | Paralysed by an air elemental for 1 turns
 41821 | Elf:3    | Entered Level 3 of the Elven Halls
 42590 | Elf:3    | Identified the +4 long sword "Roabbun" {flame, rF+ rN++
                  | Dex+2}
 42666 | Elf:3    | Reached skill level 15 in Armour
 43745 | Elf:3    | Identified the +0 trident "Qaoclimo" {freeze, rPois rF+
                  | Will- Dex+3}
 43786 | Elf:3    | Identified the ring "Layphushrut" {Wiz Int+5 Dex+3 SInv}
 44117 | Elf:3    | Identified the +6 spear of the Sandy God {freeze, rF+ rC+}
 44127 | Elf:3    | Reached XP level 21. HP: 128/165 MP: 28/35
 44204 | Elf:3    | Identified the staff of air "Jitz" {rElec rF+ Int+4}
 44222 | Elf:3    | Got the Cyclopedia of Feathers and the Band
 44233 | Elf:3    | Identified the staff of earth "Uhoxae" {Str+4 SInv}
 44416 | Elf:1    | Bought a scroll of acquirement for 728 gold pieces
 44416 | Elf:1    | Bought a scroll of brand weapon for 133 gold pieces
 44416 | Elf:1    | Bought a scroll of brand weapon for 133 gold pieces
 44416 | Elf:1    | Bought 3 scrolls of magic mapping for 315 gold pieces
 44416 | Elf:1    | Bought a scroll of teleportation for 42 gold pieces
 44418 | Elf:1    | Acquired the amulet of Hiecemaz {-Tele rPois Will+++ Regen+
                  | Str+6}
 44628 | Vaults:1 | Entered Level 1 of the Vaults
 44745 | Vaults:1 | You are sucked into a shaft and drop 1 floor!
 44870 | Vaults:2 | Found Icuakaps's Jewellery Shop.
 44971 | Vaults:2 | Found a magical portal.
 45012 | WizLab   | Entered Iskenderun's Mystic Tower
 46336 | WizLab   | Identified the staff of cold "Heumeox" {Fragile +Blink
                  | rElec rC+ Int+7}
 46353 | WizLab   | Got the Omnibus of Arenous Profane Spells
 47313 | Vaults:1 | Identified the ring "Vijenk" {rElec Will+}
 47330 | Vaults:1 | Paralysed by a great orb of eyes for 4 turns
 47538 | Vaults:1 | Found Vannal's Distillery.
 47905 | Vaults:1 | Reached XP level 22. HP: 209/209 MP: 36/36
 48455 | Vaults:2 | Paralysed by a sphinx for 4 turns
 48888 | Vaults:2 | Bought an amulet of regeneration for 510 gold pieces
 49543 | Vaults:3 | Paralysed by a sphinx for 4 turns
 49555 | Vaults:3 | Reached skill level 15 in Evocations
 49687 | Vaults:3 | Found a staircase to the Crypt.
 49687 | Vaults:3 | Found an ancient bone altar of Kikubaaqudgha.
 49687 | Vaults:3 | Found a basalt altar of Yredelemnul.
 49826 | Vaults:3 | Noticed a golden dragon
 49832 | Vaults:3 | Killed a golden dragon
 49835 | Vaults:3 | Gained Bogwald as an ally
 49838 | Vaults:3 | Your ally Bogwald died
 51523 | Vaults:4 | Noticed Margery
 51529 | Vaults:4 | Killed Margery
 51637 | Vaults:4 | Reached XP level 23. HP: 219/222 MP: 38/38
 51679 | Vaults:4 | Found Runti's Book Emporium.
 52030 | Vaults:4 | Noticed Saint Roka
 52187 | Vaults:4 | Noticed Jory
 52196 | Vaults:4 | Killed Jory
 52577 | Vaults:5 | Entered Level 5 of the Vaults
 52582 | Vaults:5 | Reached ****** piety under Beogh
 52945 | Vaults:5 | Noticed a golden dragon
 53056 | Vaults:5 | Noticed Sojobo
 53074 | Vaults:5 | Paralysed by an air elemental for 1 turns
 53082 | Vaults:4 | Killed a golden dragon
 53369 | Vaults:5 | Noticed an ancient lich
 53711 | Vaults:5 | Noticed a dread lich
 53711 | Vaults:5 | Noticed a dread lich
 53711 | Vaults:5 | Noticed a dread lich
 53743 | Vaults:4 | Paralysed by something for 3 turns
 53752 | Vaults:4 | Killed a dread lich
 54210 | Vaults:5 | Noticed a golden dragon
 54229 | Vaults:5 | Killed a golden dragon
 54297 | Vaults:5 | Paralysed by a sphinx for 5 turns
 54313 | Vaults:5 | Killed an ancient lich
 54676 | Vaults:5 | Identified the ring "Vecwege" {rElec rC+ Str+4 Int-3 Dex+3}
 54715 | Vaults:5 | Noticed Xtahua
 54719 | Vaults:5 | Killed Xtahua
 55141 | Vaults:5 | Noticed an ancient lich
 55164 | Vaults:5 | Killed an ancient lich
 55264 | Vaults:5 | Got Gloorx Vloq's Tome of Putrid Necromantic Acts
 55325 | Vaults:5 | Reached XP level 24. HP: 226/235 MP: 38/38
 55338 | Vaults:5 | Identified the amulet of Sunlight {Spirit Fragile +Blink
                  | rElec Str+3}
 55391 | Vaults:5 | Identified the ring of Xom's Bemusement {Int+6 Dex+4}
 55400 | Vaults:5 | Killed Sojobo
 55674 | Vaults:5 | Identified the +5 chain mail of Curiosity {+Inv Will-
                  | Str+3}
 55720 | Vaults:5 | Got a silver rune of Zot
 55767 | Vaults:5 | Got Sif Muna's Handbook of the Mountains and Striking
 55912 | Vaults:5 | Identified the +9 plate armour of Cythratsu {-Cast rElec
                  | Str+5 Dex+3}
 55919 | Vaults:5 | Identified the staff of cold "Osheadonne" {*Slow rPois rC+
                  | Stlth+}
 55920 | Vaults:5 | Identified the +1 pair of gloves of Henotheism {Str+4}
 55957 | Vaults:5 | Killed a dread lich
 56041 | Vaults:5 | Paralysed by something for 5 turns
 56052 | Vaults:4 | Killed a dread lich
 56345 | Abyss:2  | Cast into level 2 of the Abyss (a deep elf sorcerer)
 56349 | Vaults:5 | Escaped the Abyss
 56941 | Vaults:5 | Reached XP level 25. HP: 240/240 MP: 38/38
 57525 | Depths:1 | Entered Level 1 of the Depths
 57578 | Depths:1 | Found a flickering gateway to a bazaar.
 57583 | Bazaar   | Entered a bazaar
 57657 | Bazaar   | Found Wuxzorae's Weapon Boutique.
 57661 | Bazaar   | Found Gaugeap's Armour Boutique.
 57661 | Bazaar   | Found Xoqic's Magic Scroll Boutique.
 57662 | Bazaar   | Found Haul Vum's Assorted Antiques.
 57687 | Bazaar   | Bought the +0 helmet of Omission {Regen+ Dex+3} for 160
                  | gold pieces
 57702 | Bazaar   | Bought a scroll of teleportation for 21 gold pieces
 57702 | Bazaar   | Bought a scroll of blinking for 52 gold pieces
 57702 | Bazaar   | Bought 2 scrolls of summoning for 133 gold pieces
 57702 | Bazaar   | Bought a scroll of magic mapping for 52 gold pieces
 57710 | Bazaar   | Bought a runed scarf for 224 gold pieces
 57710 | Bazaar   | Bought a scroll of enchant armour for 210 gold pieces
 57939 | Depths:1 | Found a gateway to Hell.
 58264 | Depths:1 | You are sucked into a shaft and drop 1 floor!
 58710 | Depths:1 | Identified the ring "Muyt" {Fly Dex+3 Slay+3}
 58767 | Depths:1 | Identified the staff of conjuration "Jonlai" {rPois Str+3
                  | Dex-4}
 59068 | Depths:2 | Gained Bogrim as an ally
 59279 | Depths:2 | Reached XP level 26. HP: 243/253 MP: 38/38
 59320 | Depths:2 | Noticed Louise
 59321 | Depths:2 | Your ally Bogrim died
 59325 | Depths:2 | Killed Louise
 59326 | Depths:2 | Found a one-way gate to the infinite horrors of the Abyss.
 59678 | Depths:2 | Identified the ring "Udeod" {rPois rC- rN++ Will+ rCorr}
 60087 | Depths:2 | Identified the +8 scimitar of Circular Logic {flame, rC-
                  | Int+3 Dex+4}
 60132 | Depths:2 | Found a one-way gate leading to the halls of Pandemonium.
 60271 | Depths:3 | Noticed a dread lich
 60348 | Depths:3 | Gained Bolgrim as an ally
 60351 | Depths:3 | Found a one-way gateway to a ziggurat.
 60352 | Depths:3 | Noticed an ancient lich
 60441 | Depths:3 | Your ally Bolgrim died
 60855 | Depths:3 | Paralysed by a dread lich for 5 turns
 60863 | Depths:3 | Killed an ancient lich
 60869 | Depths:3 | Killed a dread lich
 61058 | Depths:3 | Found a runed translucent door.
 61064 | Depths:3 | Found a runed translucent door.
 61172 | Depths:3 | Found a stormy altar of Qazlal.
 61565 | Depths:3 | Identified the +0 helmet of Cowardice {Rampage rElec rC+++
                  | Dex-3}
 61620 | Depths:4 | Entered Level 4 of the Depths
 61991 | Depths:4 | Noticed Boris
 62007 | Depths:4 | Killed Boris
 62548 | Depths:4 | Found a gate to the Realm of Zot.
 62614 | Depths:4 | Identified the +11 sling "Dinlokli" {heavy, Fragile rPois
                  | MP+9 Int+4}
 62824 | Zot:1    | Entered Level 1 of the Realm of Zot
 63126 | Zot:1    | Reached XP level 27. HP: 243/267 MP: 38/38
 64130 | Zot:2    | Gained Beowulf as an ally
 64130 | Zot:2    | Gained Zorug as an ally
 64562 | Zot:3    | Noticed Parghit
 64710 | Zot:2    | Killed Parghit
 65145 | Zot:3    | Gained Zartorak as an ally
 65337 | Zot:3    | Reached skill level 27 in Fighting
 65967 | Zot:3    | Your ally Zartorak died
 66961 | Zot:5    | Entered Level 5 of the Realm of Zot
 67039 | Zot:5    | Noticed an orb of fire
 67045 | Zot:5    | Killed an orb of fire
 67735 | Zot:5    | Gained Arkwar as an ally
 67739 | Zot:5    | Noticed an orb of fire
 67740 | Zot:5    | Noticed a dread lich
 67745 | Zot:5    | Killed a dread lich
 67745 | Zot:5    | Noticed an orb of fire
 67745 | Zot:5    | Your ally Arkwar died
 67746 | Zot:5    | Noticed a dread lich
 67803 | Zot:4    | Gained mutation: Your magical capacity is low. (-10% MP)
                  | [an orb of fire]
 67804 | Zot:4    | Killed an orb of fire
 67841 | Zot:5    | Gained mutation: You sometimes lose your temper in combat.
                  | [an orb of fire]
 67843 | Zot:5    | Killed an orb of fire
 67843 | Zot:5    | Killed a dread lich
 67846 | Zot:5    | Noticed an orb of fire
 67931 | Zot:5    | Gained mutation: Your spells are easier to cast, but less
                  | powerful. [an orb of fire]
 67942 | Zot:5    | Gained mutation: Your spells are much easier to cast, but
                  | much less powerful. [an orb of fire]
 67950 | Zot:5    | Gained mutation: You are weak. (Str -2) [an orb of fire]
 67964 | Zot:5    | Killed an orb of fire
 68133 | Zot:5    | Noticed a dread lich
 68150 | Zot:5    | Killed a dread lich
 68225 | Zot:5    | Noticed a dread lich
 68226 | Zot:5    | Paralysed by a dread lich for 2 turns
 68234 | Zot:5    | Killed a dread lich
 68964 | Zot:5    | Lost mutation: Your magical capacity is low. (-10% MP)
                  | [potion of mutation]
 68964 | Zot:5    | Lost mutation: You are weak. (Str -2) [potion of mutation]
 68964 | Zot:5    | Lost mutation: You sometimes lose your temper in combat.
                  | [potion of mutation]
 68964 | Zot:5    | Gained mutation: Your body sometimes deteriorates upon
                  | taking damage. [potion of mutation]
 68964 | Zot:5    | Gained mutation: You are partially covered in large bone
                  | plates. (SH +4) [potion of mutation]
 68965 | Zot:5    | Lost mutation: You are partially covered in large bone
                  | plates. (SH +4) [potion of mutation]
 68965 | Zot:5    | Lost mutation: Your spells are much easier to cast, but
                  | much less powerful. [potion of mutation]
 68965 | Zot:5    | Lost mutation: Your body sometimes deteriorates upon taking
                  | damage. [potion of mutation]
 68965 | Zot:5    | Gained mutation: You are occasionally teleported next to
                  | monsters. [potion of mutation]
 68966 | Zot:5    | Lost mutation: You are occasionally teleported next to
                  | monsters. [potion of mutation]
 68966 | Zot:5    | Lost mutation: Your spells are easier to cast, but less
                  | powerful. [potion of mutation]
 68966 | Zot:5    | Lost mutation: Your spells are a little easier to cast, but
                  | a little less powerful. [potion of mutation]
 68966 | Zot:5    | Gained mutation: You are strong-willed. (Will+) [potion of
                  | mutation]
 68966 | Zot:5    | Gained mutation: You sometimes lose your temper in combat.
                  | [potion of mutation]
 68966 | Zot:5    | Gained mutation: You have a pair of small horns on your
                  | head. [potion of mutation]
 68967 | Zot:5    | Lost mutation: You have a pair of small horns on your head.
                  | [potion of mutation]
 68967 | Zot:5    | Lost mutation: You are strong-willed. (Will+) [potion of
                  | mutation]
 68967 | Zot:5    | Gained mutation: Your magical capacity is low. (-10% MP)
                  | [potion of mutation]
 68967 | Zot:5    | Gained mutation: You are robust. (+10% HP) [potion of
                  | mutation]
 68968 | Zot:5    | Lost mutation: You sometimes lose your temper in combat.
                  | [potion of mutation]
 68968 | Zot:5    | Lost mutation: Your magical capacity is low. (-10% MP)
                  | [potion of mutation]
 68968 | Zot:5    | Gained mutation: You are somewhat resistant to further
                  | mutation. [potion of mutation]
 69005 | Zot:5    | Got the Orb of Zot
 69288 | Depths:2 | Reached skill level 27 in Shields
 69392 | D:14     | Noticed Eduxzix the pandemonium lord
 69468 | D:12     | Noticed Agyzu the pandemonium lord
 69492 | D:12     | Killed Agyzu the pandemonium lord
 69757 | D:$      | Escaped with the Orb!

Illustrated notes

Levels and vault maps discovered:
D:1:      wander_arrival_chamber, layout_basic,
          shapermc_ecumenical_altar_starsandcircs
D:2:      layout_basic, chequers_arboretum
D:3:      layout_loops_ring, nicolae_ru_path_of_blood, uniq_natasha,
          uniq_sigmund, uniq_grinder, uniq_crazy_yiuf_cottage
D:4:      layout_basic, mainiacjoe_overflow_six_doors_small,
          minmay_temple_entry_grid, hellmonk_no_cap
D:5:      gammafunk_steamed_eel, layout_rooms, nicolae_shop_i_like_big_books,
          uniq_edmund, uniq_duvessa
D:6:      layout_basic, kennysheep_okawaru_gauntlet, fedhas_altar_decomposition,
          nicolae_hepliaklqana_hippocampus, nicolae_gozag_seed_capital
D:7:      lemuel_ratsnest, layout_rooms, serial_shops, shop,
          gammafunk_ghost_gnarly_gnolls
D:8:      layout_basic, nicolae_tso_carved_into_rock,
          mainiacjoe_overflow_small_starburst, elyvilon_altar_3, uniq_joseph
D:9:      layout_cave_pools, xom_butterflies, dpeg_lair_monsters,
          uniq_gastronok, uniq_erolcha, uniq_maurice, uniq_grum
D:10:     kennysheep_big_flooded_room, layout_small_grid, david_orc_5,
          uniq_snorg
D:11:     layout_roguey
D:12:     nzn_winding_woodlands_cross [nzn_winding_woodlands_5x15_sawtooth,
          nzn_winding_woodlands_5x15_longhouse,
          nzn_winding_woodlands_5x15_river_crossing,
          nzn_winding_woodlands_5x15_zeroes,
          nzn_winding_woodlands_15x15_boxy_spiral], layout_loops_ring,
          portal_ice_cave_entry_pillars_2
D:13:     layout_irregular_city, david_vaults_1, gammafunk_ghost_split,
          serial_shops, nicolae_shop_tiny_glass, chequers_garden,
          kennysheep_windowed_goal
D:14:     layout_cross, hangedman_abyss_or_decor_stagger
D:15:     grunt_enter_depths_snipers, layout_long_grid, grunt_decor_cap,
          minmay_checkerbox
Lair:1:   layout_long_grid, grunt_megastairs_4
Lair:2:   layout_long_grid, shoals_dummy_entry,
          nicolae_spider_entry_non_spiders, minmay_lair_oklob_items,
          minivault_25, roderic_carrion_pond
Lair:3:   layout_cave_pods
Lair:4:   layout_hall_layers, slime_entry_1, uniq_rupert
Lair:5:   guppyfry_lair_end_dragon, layout_cave_pods, wormcave,
          nzn_ghost_randoct, basic_altar, kennysheep_snail_temple, uniq_kirke
Shoals:1: layout_shoals, serial_shops, nicolae_shop_advertising_works
          [nicolae_subvault_shop_adworks], uniq_josephine
Shoals:2: layout_shoals, nicolae_shoals_songs, uniq_ilsuiw, uniq_nikola,
          uniq_polyphemus
Shoals:3: layout_shoals, hangedman_shoals_cup_caves, uniq_aizul
Shoals:4: shoals_end_grunt_ice, layout_shoals, uniq_mara
Spider:1: layout_spider_delve
Spider:2: nicolae_spider_corner, drop_trap, nicolae_spider_acid_house,
          uniq_donald
Spider:3: layout_spider_delve, uniq_arachne
Spider:4: spider_rune_water, ebering_ghost_xom, nicolae_spider_stair_cavern
Orc:1:    layout_caves, serial_shops, shop
Orc:2:    grunt_orc_tribal_feast, layout_diamond_mine, mines4_lemuel
Elf:1:    layout_geoelf_grid, serial_shops, nicolae_shop_pleasant_corner_grove,
          shop, nicolae_shop_crystal, nicolae_shop_hallway_plus, minivault_28,
          nicolae_elf_elemental_lessons
Elf:2:    nicolae_elf_blades_crystal_corner, layout_gridlike,
          minmay_misc_feat_alley
Elf:3:    minmay_elf_hall, layout_onion_city, st_stairs_3
Vaults:1: nicolae_vaults_border_crossing, vaults_room_grunt_arrival_ludios,
          ontoclasm_vaults_gateway, ontoclasm_vaults_twist,
          nicolae_vaults_fighting_squares, dpeg_vaults_monster_row,
          vaults_dpeg_ring, grunt_vaults_swirl, nicolae_vaults_tetromino_Z_1,
          nicolae_vaults_specimen_jars, hangedman_vaults_variations,
          vaults_standard_mumra_x, nicolae_vaults_gold_heap, v_misc_14,
          ontoclasm_vaults_ligature, layout_vaults_omnibox, serial_shops, shop
Vaults:2: infiniplex_enter_wizlab_glasses, vaults_standard_mumra_lines,
          vaults_room_fours, nicolae_vaults_more_shelving_2,
          nicolae_vaults_trapezoid_lopsided_2, hangedman_vaults_stream,
          vaults_mumra_hex, nicolae_vaults_wine_cellar, dpeg_vaults_waves,
          layout_vaults_omnigrid, serial_shops, nicolae_diamond_shop
Vaults:3: v_misc_5, kb_rosetta, minmay_crypt_entry_necro_gods,
          nicolae_vaults_trapezoid_lopsided_4, nicolae_vaults_storage_closets_2,
          serial_ice_m, v_misc_22, nicolae_vaults_house_2,
          nicolae_vaults_tetromino_L_2, ontoclasm_vaults_hangar,
          layout_vaults_ring
Vaults:4: nicolae_vaults_tetromino_T_1, hangedman_vaults_snaps, v_rooms_4,
          nicolae_vaults_big_ls, ontoclasm_vaults_tryst,
          nicolae_vaults_lightning_bolt, nicolae_vaults_little_squares_2,
          vaults_room_large_hall, nicolae_vaults_three_branches,
          vaults_mumra_minichess_inversion, grunt_vaults_bifocal,
          nicolae_vaults_trapezoid_lopsided_1, nicolae_vaults_network_periphery,
          ontoclasm_vaults_hangar, layout_vaults_maze_bifur, serial_shops,
          nicolae_shop_tiny_real_fake_doors, uniq_jory, uniq_saint_roka,
          uniq_margery
Vaults:5: serial_shops, uniq_sojobo, uniq_xtahua
Depths:1: layout_gridville, serial_shops, bzr_entry_dummy, lightli_too_deep,
          minmay_swirly_circle, kennysheep_random_hallway, serial_bayou_shore_a,
          serial_bayou_shore_b
Depths:2: hangedman_arch_fort, layout_gridlike, ebering_dispersal_statue_hall,
          pf_hell_entry_great_geh, nicolae_abyss_entry_one_way_or_another,
          rand_demon_pan_entry_9, uniq_josephina
Depths:3: thingy_vault_2, layout_cave_pools, enter_ziggurat_d,
          minmay_room_of_horrors, pf_coc_iceberg,
          nicolae_qazlal_eye_of_the_storm, minmay_staircase_bubble
Depths:4: grunt_zot_entry_pinwheel, layout_gridlike, serial_bayou_pond_e,
          hell_entry, uniq_boris
Zot:1:    layout_misc_corridors, grunt_megastairs_3
Zot:2:    layout_twisted_circle
Zot:3:    lemuel_acid_trip, layout_onion, uniq_parghit
Zot:4:    layout_gridlike
Zot:5:    layout_twisted_circle

Skill      XL: |  1  2  3  4  5  6  7  8  9 10 11 12 13 14 15 16 17 18 19 20 21 22 23 24 25 26 27 |
---------------+----------------------------------------------------------------------------------+-----
Axes           | 3 6 7 8 10 12 13 15 16 17 18 19 20 21 22 | 22.0
Fighting       | 4 5 6 7 8 9 11 12 13 14 15 16 17 18 19 20 21 23 24 26 27 | 27.0
Armour         | 4 5 6 7 8 9 10 11 12 13 14 15 16 17 18 19 21 | 21.3
Invocations    | 2 3 5 7 9 10 12 13 14 15 16 17 18 19 20 21 22 | 22.0
Shields        | 4 5 6 8 9 10 11 13 14 15 16 17 18 19 20 21 22 24 27 | 27.0
Evocations     | 1 2 3 4 6 7 9 10 11 12 13 14 15 16 17 18 20 | 20.3
Throwing       | |  0.1

Action                     |  1- 3 |  4- 6 |  7- 9 | 10-12 | 13-15 | 16-18 | 19-21 | 22-24 | 25-27 || total
---------------------------+-------+-------+-------+-------+-------+-------+-------+-------+-------++-------
  Melee: War axe           |   102 |    64 |   404 |   684 |   812 |   964 |   283 |       |       ||  3313
         Broad axe         |       |       |       |       |       |       |   807 |   709 |  1440 ||  2956
  Throw: Dart              |       |       |    13 |     5 |       |       |       |       |       ||    18
         Throwing net      |       |       |       |     1 |       |       |       |       |       ||     1
 Invoke: Convert to Beogh  |       |     1 |       |       |       |       |       |       |       ||     1
         Smiting           |       |       |     5 |    30 |    46 |    39 |    55 |    42 |    44 ||   261
  Evoke: Wand              |       |       |    14 |    35 |    11 |       |       |       |     7 ||    67
         Phantom mirror    |       |       |       |       |     1 |       |     1 |       |       ||     2
         Box of beasts     |       |       |       |       |       |       |     1 |       |       ||     1
         Condenser vane    |       |       |       |       |       |       |       |     1 |     1 ||     2
    Use: Potion            |     1 |     1 |     1 |     1 |     2 |     6 |     1 |    12 |    18 ||    43
         Scroll            |       |       |     6 |     5 |    14 |    16 |    15 |    23 |    10 ||    89
   Stab: Paralysed         |       |       |     9 |     2 |       |       |       |       |       ||    11
         Distracted        |       |       |       |     1 |     2 |     1 |     2 |       |     2 ||     8
         Held in net/web   |       |       |       |       |       |       |     1 |       |       ||     1
         Invisible         |       |       |       |       |       |       |       |     1 |       ||     1
         Confused          |       |       |       |       |       |       |       |       |     3 ||     3
 Armour: Scale mail        |    52 |    16 |       |       |       |       |       |       |       ||    68
         Chain mail        |       |     6 |   123 |       |       |       |       |       |       ||   129
         Plate armour      |       |       |   151 |   382 |   314 |   434 |   265 |   117 |       ||  1663
         Gold dragon scale |       |       |       |       |       |       |       |   172 |   518 ||   690
  Dodge: Dodged            |    52 |    19 |   133 |   130 |   117 |   183 |   106 |    92 |   156 ||   988
         Repelled          |       |     1 |       |       |       |       |       |       |       ||     1
  Block: Buckler           |    20 |    12 |    83 |    38 |       |       |       |       |       ||   153
         Kite shield       |       |       |       |   322 |   587 |  1015 |   864 |   588 |  1152 ||  4528
         Reflection        |       |       |       |       |    15 |    58 |    97 |    78 |    33 ||   281
Riposte: War axe           |       |       |       |       |   180 |   334 |    41 |       |       ||   555
         Broad axe         |       |       |       |       |       |       |   175 |   167 |   363 ||   705
